cohdb
Replays
Latest Replays
All Replays
Popular Replays
Top Player Replays
Match Explorer
How It Works
Community
CoH3 Stats
Reddit
Sign in to upload your games and track your stats! →
Sign in with Steam
Match 41428955
Unlisted
Match 41428955
Overview
Messages
Build Orders
End
Construct Infanterie Kompanie
Pioneer Squad
Grenadier Squad
Grenadier Squad
Selects Breakthrough Battlegroup
Selects Assault Grenadiers
GrW 34 Mortar Team
Grenadier Squad
Construct Panzergrenadier Kompanie
Medical Bunker
251 Medium Carrier
Infanterie Officer Quarters
MG 42 Machine Gun Team
Selects Rapid Production
Pak 40 Anti-tank Gun Team
Selects Blitzkrieg
Support Elements
StuG III G Assault Gun
Nebelwerfer 42 Rocket Launcher Team
StuG III G Assault Gun
Side Skirts
Panzergrenadier Officer Quarters
Blitzkrieg
Selects Tiger Heavy Tank
Tiger Heavy Tank
Construct Panzer Kompanie
Panzer Officer Quarters
Stoßtruppen Squad
Selects Smoke Bombing Run
Selects Incendiary Bombing Run
Incendiary Bombing Run
Smoke Bombing Run
Smoke Bombing Run
Hairy Joe
Foaly
Açucar Macabro
Sarmynation
0
0
Comments
sign in to comment!
No comments posted yet!